[Event "Titled Tuesday Blitz October 31 Late 2023"]
[White "Lalanne, Pablo"]
[Black "Sargsyan, Anna M."]
[WhiteFideId "112151"]
[BlackFideId "13308130"]
[WhiteElo "2329"]
[BlackElo "2564"]
[Result "1-0"]
[Round "4"]
[TimeControl "180+1"]
[Date "2023.10.31"]
[WhiteClock "0:00:07"]
[BlackClock "0:00:00"]
[Board "87"]

1. e4 c6 2. d4 d5 3. Nd2 dxe4 4. Nxe4 Nd7 5. Ng5 Ngf6 6. Bc4 e6 7. Qe2 Nb6 8. Bd3 Bd6 9. N1f3 O-O 10. Bd2 Nbd5 11. Ne4 Nf4 12. Bxf4 Bxf4 13. g3 Bc7 14. O-O-O a5 15. Kb1 a4 16. a3 Nd5 17. h4 b5 18. Ne5 b4 19. Nxc6 Qe8 20. Nxb4 Nxb4 21. axb4 a3 22. b3 Qc6 23. Ka2 Qb6 24. c3 Bb7 25. Ng5 h6 26. Ne4 e5 27. Nc5 Bxh1 28. Rxh1 exd4 29. Qe4 Qg6 30. Qxd4 Qd6 31. Qe4 g6 32. h5 Rfe8 33. Qf3 g5 34. Bc4 Re7 35. Rb1 Rae8 36. Kxa3 Bb6 37. Nd3 1-0


[Site "https://www.chess.com"]

[Event "Titled Tuesday Blitz October 31 Late 2023"]
[White "Golubev, Mikhail"]
[Black "SlippperyWhenWet"]
[WhiteFideId "14100983"]
[WhiteElo "2542"]
[BlackElo "2327"]
[Result "1-0"]
[Round "4"]
[TimeControl "180+1"]
[Date "2023.10.31"]
[WhiteClock "0:00:05"]
[BlackClock "0:00:00"]
[Board "88"]

1. e4 c5 2. Nf3 d6 3. d4 cxd4 4. Nxd4 Nf6 5. Nc3 a6 6. Bc4 e6 7. O-O Nbd7 8. Bxe6 fxe6 9. Nxe6 Qa5 10. Bd2 Qb6 11. Nd5 Nxd5 12. exd5 Nf6 13. Ng5 h6 14. Re1+ Be7 15. Qe2 Qc7 16. Ba5 Qd7 17. Ne6 Kf7 18. Rad1 b6 19. Bc3 Bb7 20. Nxg7 Rhg8 21. Nf5 Qxf5 22. Qxe7+ Kg6 23. Qxb7 Rae8 24. Qxb6 Kh5 25. Qxd6 Ne4 26. Rxe4 Qxe4 27. g3 Rg6 28. Qc5 Qf3 29. Rd4 Rg4 30. d6+ Kg6 31. Rxg4+ Qxg4 32. Qd5 Qe6 33. Qd3+ Qe4 34. d7 Qxd3 35. dxe8=Q+ 1-0


[Site "https://www.chess.com"]

[Event "Titled Tuesday Blitz October 31 Late 2023"]
[White "Fernandez Siles, Luis"]
[Black "Nilsen, Tobias Lang"]
[WhiteFideId "2209420"]
[BlackFideId "1521624"]
[WhiteElo "2313"]
[BlackElo "2531"]
[Result "1-0"]
[Round "4"]
[TimeControl "180+1"]
[Date "2023.10.31"]
[WhiteClock "0:01:19"]
[BlackClock "0:01:19"]
[Board "89"]

1. e4 e6 2. d3 d5 3. Nd2 Nf6 4. Ngf3 c5 5. g3 Nc6 6. Bg2 Be7 7. O-O O-O 8. Re1 b5 9. h4 Bb7 10. e5 Nd7 11. Nf1 Qb6 12. N1h2 Rfc8 13. h5 h6 14. Ng4 Bf8 15. Bf4 Qd8 16. Qd2 a5 17. Nfh2 b4 18. c4 Nd4 19. cxd5 Bxd5 20. Bxd5 exd5 21. Kg2 Ne6 22. Nf3 c4 23. d4 c3 24. bxc3 bxc3 25. Qd3 Qc7 26. Rac1 Rab8 27. Ne3 Qc6 28. Re2 Nb6 29. Rec2 Na4 30. Ng4 Qb5 31. Qf5 Qd7 32. Bxh6 gxh6 33. Nf6+ Kg7 34. Qh7# 1-0


[Site "https://www.chess.com"]

[Event "Titled Tuesday Blitz October 31 Late 2023"]
[White "JackRodgers"]
[Black "Elbebiber"]
[WhiteElo "2527"]
[BlackElo "2168"]
[Result "1-0"]
[Round "4"]
[TimeControl "180+1"]
[Date "2023.10.31"]
[WhiteClock "0:00:05"]
[BlackClock "0:00:00"]
[Board "90"]

1. d4 e6 2. c4 Nf6 3. Nf3 Bb4+ 4. Bd2 Qe7 5. a3 Bxd2+ 6. Nbxd2 b6 7. e4 d6 8. e5 dxe5 9. dxe5 Nfd7 10. Bd3 Bb7 11. Qe2 Nc6 12. O-O a5 13. Rfe1 Nc5 14. Bc2 a4 15. Rad1 Rd8 16. Nb1 O-O 17. Nc3 Rxd1 18. Rxd1 Ra8 19. h4 h6 20. h5 Kf8 21. Ne4 Na5 22. Nc3 Nab3 23. Bb1 Bc6 24. Qc2 Ke8 25. Qh7 Qf8 26. Ne4 Nxe4 27. Bxe4 Bxe4 28. Qxe4 Ke7 29. Qc6 Qc8 30. Nd4 Nc5 31. Nb5 Qb7 32. Qxc7+ Qxc7 33. Nxc7 Rc8 34. Nb5 Nd7 35. Nd6 Rc6 36. f4 f6 37. exf6+ gxf6 38. Kf2 Rxd6 39. Rg1 Rd4 40. Ke3 Rxc4 41. g4 Rc5 42. Kd4 Rd5+ 43. Ke4 Nc5+ 44. Kf3 Kd6 45. Re1 Rd3+ 46. Ke2 Rd5 47. Rg1 e5 48. Kf3 exf4 49. Kxf4 Re5 50. Rd1+ Ke6 51. Rd8 Ke7 52. Rh8 Ne6+ 53. Kg3 Rg5 54. Rh7+ Kd6 55. Rxh6 Ke5 56. Rh8 f5 57. Rb8 Rxg4+ 58. Kf3 Rf4+ 59. Ke3 Re4+ 60. Kd3 Nf4+ 61. Kc3 Nd5+ 62. Kd3 Kf4 63. h6 Nf6 64. Rxb6 Nh7 65. Rb7 Ng5 66. h7 Nxh7 67. Rxh7 Re3+ 68. Kd2 Rg3 69. Ra7 Rg2+ 70. Kc3 Rg3+ 71. Kc2 Rg2+ 72. Kb1 Rg1+ 73. Ka2 Kg3 74. Rxa4 f4 75. Ra7 Kf2 76. Rf7 f3 77. b4 Ke2 78. Kb3 Rb1+ 79. Kc4 f2 80. a4 f1=Q 81. Rxf1 Kxf1 82. a5 Ke2 83. a6 Ke3 84. b5 Ke4 85. Kc5 Ke5 86. a7 Ra1 87. b6 Ke6 88. Kc6 Rc1+ 89. Kb7 Ra1 90. Kc7 1-0


[Site "https://www.chess.com"]

[Event "Titled Tuesday Blitz October 31 Late 2023"]
[White "maksimys18"]
[Black "Sramek, Vojtech"]
[BlackFideId "358681"]
[WhiteElo "2507"]
[BlackElo "2282"]
[Result "1-0"]
[Round "4"]
[TimeControl "180+1"]
[Date "2023.10.31"]
[WhiteClock "0:01:42"]
[BlackClock "0:00:33"]
[Board "91"]

1. d4 Nf6 2. Nf3 b6 3. c4 Bb7 4. Nc3 Ne4 5. Nxe4 Bxe4 6. Bf4 e6 7. e3 d5 8. Bd3 Bb4+ 9. Kf1 Bxd3+ 10. Qxd3 O-O 11. h4 c5 12. a3 Ba5 13. Ng5 g6 14. h5 dxc4 15. Qxc4 Qd5 16. Qc2 Nd7 17. hxg6 hxg6 18. Rd1 Nf6 19. Be5 Nh5 20. Rxh5 gxh5 21. Qh7# 1-0


[Site "https://www.chess.com"]

[Event "Titled Tuesday Blitz October 31 Late 2023"]
[White "Zakarian, David"]
[Black "Hambleton, Aman"]
[WhiteFideId "13301276"]
[BlackFideId "2606577"]
[WhiteElo "2415"]
[BlackElo "2786"]
[Result "1-0"]
[Round "4"]
[TimeControl "180+1"]
[Date "2023.10.31"]
[WhiteClock "0:01:29"]
[BlackClock "0:00:02"]
[Board "92"]

1. d4 Nf6 2. c4 e5 3. dxe5 Ng4 4. Nf3 Bc5 5. e3 Nc6 6. Nc3 O-O 7. Be2 Ncxe5 8. O-O Nxf3+ 9. Bxf3 Ne5 10. Be2 Re8 11. a3 a5 12. b3 Ra6 13. e4 Qh4 14. Nd5 Rg6 15. Nf4 Rh6 16. Nh3 Rd6 17. Qc2 Rg6 18. Nf4 Rh6 19. Nh3 d6 20. Bg5 Qxh3 21. gxh3 Rg6 22. h4 h6 23. Bh5 hxg5 24. Bxg6 Nxg6 25. hxg5 Bh3 26. Rfe1 Re5 27. Qd2 f6 28. gxf6 gxf6 29. Re3 Nf4 30. Rg3+ Kf7 31. Qxf4 Be6 32. Qh4 Bd7 33. Qh7+ Ke6 34. Qg8+ Ke7 35. Rg7# 1-0


[Site "https://www.chess.com"]

[Event "Titled Tuesday Blitz October 31 Late 2023"]
[White "Djordjevic, Vuk"]
[Black "Su, Dion"]
[WhiteFideId "902098"]
[BlackFideId "2029731"]
[WhiteElo "2771"]
[BlackElo "2415"]
[Result "1/2-1/2"]
[Round "4"]
[TimeControl "180+1"]
[Date "2023.10.31"]
[WhiteClock "0:00:14"]
[BlackClock "0:00:06"]
[Board "93"]

1. d4 Nf6 2. Bg5 e6 3. e4 Be7 4. e5 Nd5 5. Bxe7 Qxe7 6. c4 Nb6 7. Nf3 d6 8. exd6 cxd6 9. Bd3 Nc6 10. O-O O-O 11. Re1 e5 12. Nc3 Bg4 13. dxe5 Nxe5 14. Be2 Bxf3 15. Bxf3 Nbxc4 16. Bd5 Qc7 17. Re2 Nxb2 18. Rxb2 Qxc3 19. Rxb7 Rab8 20. Rxa7 Rb2 21. Rc1 Qb4 22. Ra4 Qb6 23. Qd4 Rb1 24. Rd1 Rxd1+ 25. Qxd1 h6 26. h3 Rc8 27. Rf4 Qb2 28. Qa4 g5 29. Rxf7 Qc1+ 30. Kh2 Nxf7 31. Bxf7+ Kxf7 32. Qd7+ Kg6 33. Qe6+ Kg7 34. Qe7+ Kg6 35. Qxd6+ Kg7 36. Qe7+ Kg8 37. Qe6+ Kg7 38. Qe7+ Kg8 39. Qe6+ Kg7 40. Qe7+ 1/2-1/2


[Site "https://www.chess.com"]

[Event "Titled Tuesday Blitz October 31 Late 2023"]
[White "Blanco Ronquillo, Humberto L."]
[Black "victormago"]
[WhiteFideId "3504239"]
[WhiteElo "2729"]
[BlackElo "2412"]
[Result "0-1"]
[Round "4"]
[TimeControl "180+1"]
[Date "2023.10.31"]
[WhiteClock "0:00:00"]
[BlackClock "0:00:24"]
[Board "94"]

1. e4 c5 2. c3 d5 3. exd5 Qxd5 4. d4 g6 5. Nf3 Bg7 6. Na3 cxd4 7. Nb5 Na6 8. Nbxd4 Nf6 9. Be2 O-O 10. O-O Nc5 11. h3 a6 12. Be3 b5 13. Nxb5 Qxd1 14. Rfxd1 Na4 15. Nc7 Rb8 16. Nxa6 Rxb2 17. Bf1 Nxc3 18. Rd2 Rxd2 19. Bxd2 Nfe4 20. Bxc3 Nxc3 21. Re1 Nxa2 22. Rxe7 Bf6 23. Rc7 Be6 24. Nc5 Bf5 25. g4 Bc8 26. Bd3 Nc3 27. Bc4 h6 28. Bxf7+ Rxf7 29. Rxc8+ Kg7 30. h4 Ne2+ 31. Kh2 Re7 32. g5 hxg5 33. hxg5 Bd4 34. Kg2 Nf4+ 35. Kf1 Bxc5 36. Rxc5 Rf7 37. Rc3 Nh3 38. Kg2 Nf4+ 39. Kg1 Ne2+ 40. Kg2 Nxc3 0-1


[Site "https://www.chess.com"]

[Event "Titled Tuesday Blitz October 31 Late 2023"]
[White "ChessLebaneseSalah"]
[Black "Tanenbaum, Zachary"]
[BlackFideId "2060850"]
[WhiteElo "2413"]
[BlackElo "2697"]
[Result "0-1"]
[Round "4"]
[TimeControl "180+1"]
[Date "2023.10.31"]
[WhiteClock "0:00:00"]
[BlackClock "0:00:10"]
[Board "95"]

1. e4 e5 2. Nf3 Nc6 3. Bb5 a6 4. Ba4 d6 5. c3 Nf6 6. d3 Be7 7. h3 O-O 8. O-O b5 9. Bc2 d5 10. Nbd2 h6 11. Qe2 Re8 12. Rd1 Bf8 13. Nf1 Bb7 14. Ng3 g6 15. Bb3 Na5 16. Bc2 c5 17. Nh2 Qd7 18. Qf3 Qe6 19. Be3 c4 20. d4 Nc6 21. Ng4 Nxg4 22. exd5 Nxd4 23. cxd4 Nxe3 24. Qxe3 Bxd5 25. dxe5 Qc6 26. Rxd5 Qxd5 27. Be4 Qxe5 28. Bxa8 Qxe3 29. fxe3 Rxa8 30. Kf2 Bg7 31. Rb1 Rd8 32. Ke2 f5 33. Nf1 Kf7 34. Nd2 Ke6 35. g4 fxg4 36. hxg4 Bxb2 37. Nxc4 Bc3 38. Na3 Rd2+ 39. Kf3 Rxa2 40. Rb3 Be5 41. Nb1 Rb2 42. Rxb2 Bxb2 43. Ke4 a5 44. Kd3 h5 45. gxh5 gxh5 46. Kc2 Be5 47. Nd2 h4 48. Nf3 h3 49. Ng5+ Kf5 50. Nxh3 Ke4 51. Kd2 a4 52. Nf2+ Kd5 53. Nd3 a3 54. Kc2 Bd6 55. Kb3 Ke4 56. Nc1 Kxe3 57. Na2 b4 58. Nc1 Kd2 59. Na2 Kd1 60. Ka4 Kc2 0-1


[Site "https://www.chess.com"]

[Event "Titled Tuesday Blitz October 31 Late 2023"]
[White "Pinto, Daniel"]
[Black "Sipila, Vilka"]
[WhiteFideId "3303144"]
[BlackFideId "505455"]
[WhiteElo "2410"]
[BlackElo "2646"]
[Result "1/2-1/2"]
[Round "4"]
[TimeControl "180+1"]
[Date "2023.10.31"]
[WhiteClock "0:00:05"]
[BlackClock "0:00:48"]
[Board "96"]

1. e4 d5 2. exd5 Qxd5 3. Nc3 Qe5+ 4. Qe2 Qxe2+ 5. Bxe2 Nf6 6. Nf3 Bf5 7. d3 Nc6 8. Bf4 O-O-O 9. O-O-O Nd5 10. Nxd5 Rxd5 11. Nh4 Bd7 12. c4 Rd4 13. g3 e5 14. Be3 Rd6 15. Nf3 f5 16. d4 e4 17. Ne1 Rf6 18. h4 Rf7 19. Ng2 Be7 20. Nf4 Rd8 21. Nd5 Bf8 22. Bg5 Ne7 23. Nc3 c6 24. f3 exf3 25. Bxf3 Be6 26. b3 h6 27. Be3 Ng8 28. Rhe1 Bd7 29. Bf4 Nf6 30. d5 Bb4 31. Bd2 Re8 32. Rxe8+ Bxe8 33. Kb2 Re7 34. a3 Bd6 35. Re1 Rxe1 36. Bxe1 Be5 37. Kc2 g5 38. hxg5 hxg5 39. Ne2 cxd5 40. cxd5 Bf7 41. Bc3 Bxc3 42. Nxc3 Kd7 43. Kd3 a6 44. Kd4 Kd6 45. b4 b5 46. Bg2 g4 47. Bh1 Nh5 48. Ne2 Bg8 49. Bg2 Bf7 50. Bh1 Be8 51. Bg2 Bd7 52. Bh1 Bc8 53. Bg2 Bb7 54. Bh1 Nf6 55. Nc3 Nd7 56. a4 bxa4 57. Nxa4 Ne5 58. Nc5 Bc8 59. Bg2 Ng6 60. Bf1 f4 61. gxf4 Nxf4 62. Nxa6 g3 63. Nc5 g2 64. Bxg2 Nxg2 65. Ne4+ Kd7 66. Nc5+ Kc7 67. Ne6+ Kd6 68. Nc5 Nf4 69. Ne4+ Kc7 70. Ke5 Nd3+ 71. Kd4 Nxb4 72. d6+ Kc6 73. Kc4 Na6 74. Kd4 Bf5 75. Ke5 Bh3 76. Kd4 Bg2 77. Ke5 Nb8 78. Kd4 Nd7 79. Ke3 Kd5 80. Nc3+ Kxd6 81. Ne4+ Ke5 82. Nd2 Bd5 83. Nf3+ Kd6 84. Nd2 Nc5 85. Nf3 Ne6 86. Nd4 Nc7 87. Nf5+ Ke5 88. Nd4 Na6 89. Nf3+ Kd6 90. Nd4 Nb4 91. Nf3 Nc2+ 92. Kf4 Ke6 93. Ng5+ Ke7 94. Nf3 Kf6 95. Nd2 Nd4 96. Ne4+ Ke6 97. Ng5+ Ke7 98. Ke5 Ne6 99. Nxe6 1/2-1/2


[Site "https://www.chess.com"]

[Event "Titled Tuesday Blitz October 31 Late 2023"]
[White "hristos03"]
[Black "Ozates, Tuna"]
[BlackFideId "6354521"]
[WhiteElo "2409"]
[BlackElo "2643"]
[Result "1-0"]
[Round "4"]
[TimeControl "180+1"]
[Date "2023.10.31"]
[WhiteClock "0:00:03"]
[BlackClock "0:00:01"]
[Board "97"]

1. e4 e5 2. Nf3 Nc6 3. Bb5 a6 4. Ba4 Nf6 5. O-O Be7 6. Re1 b5 7. Bb3 O-O 8. a4 Bb7 9. d3 d6 10. Nbd2 h6 11. c3 Re8 12. Nf1 Bf8 13. Ne3 g6 14. h3 Bg7 15. a5 Ne7 16. Bc2 c5 17. b3 Nc6 18. Bb2 Nxa5 19. c4 Nc6 20. Nd5 Nxd5 21. cxd5 Nb4 22. Qd2 Kh7 23. Bc3 a5 24. Bxb4 axb4 25. Reb1 Qb6 26. Qc1 Rxa1 27. Rxa1 Ra8 28. Rxa8 Bxa8 29. Qa1 Bb7 30. Nd2 h5 31. g3 Bh6 32. Nf3 Bc8 33. Kg2 Qb7 34. Qa5 Qd7 35. Ng1 Bg5 36. h4 Bd8 37. Qa8 g5 38. hxg5 Bxg5 39. Bd1 h4 40. gxh4 Bxh4 41. Bf3 f6 42. Qa5 Bg5 43. Qb6 Bf4 44. Qb8 Kg6 45. Kf1 Kh7 46. Qb6 Bh2 47. Qb8 Kh6 48. Ne2 Qh3+ 49. Ke1 Qxf3 50. Qxd6 Qg4 51. Qf8+ Qg7 52. Qxc8 Qg2 53. Qf5 Qg5 54. Qh3+ Qh5 55. Qg2 Qh3 56. Qxh3+ 1-0


[Site "https://www.chess.com"]

[Event "Titled Tuesday Blitz October 31 Late 2023"]
[White "Lopez Idarraga, Daniel Eduardo"]
[Black "Haydon, David L"]
[WhiteFideId "4405501"]
[BlackFideId "415405"]
[WhiteElo "2408"]
[BlackElo "2615"]
[Result "0-1"]
[Round "4"]
[TimeControl "180+1"]
[Date "2023.10.31"]
[WhiteClock "0:00:47"]
[BlackClock "0:00:55"]
[Board "98"]

1. d4 Nf6 2. c4 e6 3. Nc3 d5 4. cxd5 exd5 5. Bg5 c6 6. e3 Be6 7. Bd3 Nbd7 8. Nf3 Be7 9. Qc2 a6 10. h3 g6 11. O-O-O b5 12. Kb1 Rc8 13. Ne5 Nxe5 14. dxe5 Nd7 15. Bxe7 Qxe7 16. f4 c5 17. g4 c4 18. Be2 Nb6 19. Bf3 Rc5 20. e4 dxe4 21. Nxe4 O-O 22. Nxc5 Qxc5 23. Rd6 Na4 24. Rhd1 Qe3 25. Qe4 Qf2 26. R6d2 Qg3 27. f5 Bc8 28. Rd8 gxf5 29. gxf5 Qg5 30. Qg4 Bxf5+ 0-1


[Site "https://www.chess.com"]

[Event "Titled Tuesday Blitz October 31 Late 2023"]
[White "Spichkin, Alexander"]
[Black "NelsonLinda"]
[WhiteFideId "4144074"]
[WhiteElo "2408"]
[BlackElo "2588"]
[Result "1-0"]
[Round "4"]
[TimeControl "180+1"]
[Date "2023.10.31"]
[WhiteClock "0:01:03"]
[BlackClock "0:00:40"]
[Board "99"]

1. f4 g6 2. Nf3 Bg7 3. d3 d5 4. e3 Nd7 5. Nc3 c6 6. Be2 e5 7. e4 d4 8. Nb1 c5 9. O-O Ne7 10. Nbd2 O-O 11. Nc4 exf4 12. Bxf4 Nb6 13. Nxb6 Qxb6 14. Rb1 Be6 15. a3 h6 16. Qe1 g5 17. Be5 f6 18. Bg3 Ng6 19. b4 Rf7 20. Nd2 Ne5 21. Bxe5 fxe5 22. Rxf7 Bxf7 23. bxc5 Qxc5 24. Rxb7 Qxc2 25. Nf1 Qc6 26. Qb1 Be6 27. Ng3 Rf8 28. Nh5 Bh8 29. Rxa7 Qc5 30. Ra6 Ba2 31. Qxa2+ Rf7 32. Ra8+ 1-0


[Site "https://www.chess.com"]

[Event "Titled Tuesday Blitz October 31 Late 2023"]
[White "Kozusek, Daniel"]
[Black "Novikova, Galina"]
[WhiteFideId "349500"]
[BlackFideId "4157095"]
[WhiteElo "2587"]
[BlackElo "2402"]
[Result "1-0"]
[Round "4"]
[TimeControl "180+1"]
[Date "2023.10.31"]
[WhiteClock "0:02:03"]
[BlackClock "0:00:00"]
[Board "100"]

1. d4 Nf6 2. c4 g6 3. g3 d6 4. Bg2 Bg7 5. Nc3 O-O 6. h3 Nc6 7. Nf3 e5 8. Be3 Nh5 9. O-O f5 10. dxe5 Nxe5 11. Nxe5 Bxe5 12. Bd4 c6 13. Qd2 1-0


[Site "https://www.chess.com"]

[Event "Titled Tuesday Blitz October 31 Late 2023"]
[White "Gerbelli Neto, Eduardo"]
[Black "Ezat, Mohamed"]
[WhiteFideId "2103281"]
[BlackFideId "10600906"]
[WhiteElo "2397"]
[BlackElo "2582"]
[Result "0-1"]
[Round "4"]
[TimeControl "180+1"]
[Date "2023.10.31"]
[WhiteClock "0:00:12"]
[BlackClock "0:01:23"]
[Board "101"]

1. e4 e5 2. Nf3 Nc6 3. d4 exd4 4. Nxd4 Nf6 5. Nxc6 bxc6 6. e5 Qe7 7. Qe2 Nd5 8. h4 a5 9. c4 Nb6 10. Rh3 Ba6 11. b3 a4 12. Ba3 Qe6 13. Bb2 Bb4+ 14. Kd1 O-O 15. Re3 Rfd8 16. Bc3 Bxc3 17. Nxc3 axb3 18. axb3 Bxc4 19. Rxa8 Bxe2+ 0-1


[Site "https://www.chess.com"]

[Event "Titled Tuesday Blitz October 31 Late 2023"]
[White "Tifferet, Shaked"]
[Black "nicholas_ilic"]
[WhiteFideId "2811529"]
[WhiteElo "2581"]
[BlackElo "2396"]
[Result "1-0"]
[Round "4"]
[TimeControl "180+1"]
[Date "2023.10.31"]
[WhiteClock "0:02:44"]
[BlackClock "0:00:24"]
[Board "102"]

1. b3 d5 2. Bb2 b6 3. f4 Bb7 4. e3 Nf6 5. Nf3 Nbd7 6. Be2 e6 7. O-O Bd6 8. Ne5 Qe7 9. d4 O-O-O 10. Nd2 Rdf8 11. a4 a5 12. c4 Ne8 13. Rc1 Kb8 14. cxd5 exd5 15. Qc2 f6 16. Nc6+ Bxc6 17. Qxc6 Qxe3+ 18. Rf2 Qxd2 19. Ba6 Qxf2+ 20. Kxf2 Nc5 21. Rxc5 Bxc5 22. Qb7# 1-0


[Site "https://www.chess.com"]

[Event "Titled Tuesday Blitz October 31 Late 2023"]
[White "Hoang, Thi Bao Tram"]
[Black "Guha, Eshan"]
[WhiteFideId "12401102"]
[BlackFideId "30958628"]
[WhiteElo "2553"]
[BlackElo "2395"]
[Result "1-0"]
[Round "4"]
[TimeControl "180+1"]
[Date "2023.10.31"]
[WhiteClock "0:00:01"]
[BlackClock "0:00:00"]
[Board "103"]

1. Nf3 Nf6 2. g3 g6 3. Bg2 Bg7 4. O-O O-O 5. d4 d5 6. c4 c6 7. cxd5 cxd5 8. Ne5 Bf5 9. Nc3 Ne4 10. Qb3 Nc6 11. Nxc6 bxc6 12. Nxe4 Bxe4 13. Bxe4 dxe4 14. Rd1 Qd5 15. Qc2 Rfd8 16. Be3 Rac8 17. b3 h5 18. Rac1 Bf6 19. Qc5 Rd7 20. Qa3 h4 21. Rc5 Qe6 22. Qa6 Rd5 23. Rdc1 Bxd4 24. Rxd5 Bxe3 25. fxe3 hxg3 26. hxg3 Qh3 27. Rg5 f6 28. Rxg6+ Kf7 29. Qxc8 Qxc8 30. Rh6 Qg4 31. Kf2 Qf5+ 32. Kg2 Qg5 33. Rh4 Qxe3 34. Rc2 Qd4 35. Rf4 Qd5 36. e3 Ke6 37. Kf2 Kd6 38. Rh4 Kc7 39. Rh2 Qf5+ 40. Ke2 Qf3+ 41. Kd2 Qxg3 42. Re2 Qd6+ 43. Kc3 Qe5+ 44. Kb4 Qb5+ 45. Ka3 f5 46. Kb2 Qe5+ 47. Kb1 e6 48. Rc4 Qd5 49. Rec2 Kd6 50. Kb2 Kc7 51. a4 Kb6 52. b4 a5 53. Rc5 Qd6 54. bxa5+ Kb7 55. a6+ Ka7 56. Rxc6 Qe5+ 57. Ka3 Qd5 58. Rc7+ Kxa6 59. R2c6+ 1-0


[Site "https://www.chess.com"]

[Event "Titled Tuesday Blitz October 31 Late 2023"]
[White "Baghdasaryan, Vahe"]
[Black "Iskusnyh, Sergei"]
[WhiteFideId "13303139"]
[BlackFideId "4120027"]
[WhiteElo "2382"]
[BlackElo "2521"]
[Result "0-1"]
[Round "4"]
[TimeControl "180+1"]
[Date "2023.10.31"]
[WhiteClock "0:00:00"]
[BlackClock "0:00:26"]
[Board "104"]

1. e4 e6 2. d4 d5 3. Nd2 c5 4. exd5 Qxd5 5. Ngf3 cxd4 6. Bc4 Qd6 7. O-O Nf6 8. Nb3 Nc6 9. Nbxd4 Nxd4 10. Nxd4 Be7 11. Re1 O-O 12. c3 Qc7 13. Qb3 a6 14. a4 Bd7 15. g3 Bc5 16. Bf4 Qb6 17. Rad1 Rad8 18. Qc2 Bc8 19. Nb3 Be7 20. a5 Qc6 21. Bf1 Rxd1 22. Rxd1 Rd8 23. Bg2 Rxd1+ 24. Qxd1 Qa4 25. Qc2 Nd5 26. Bd2 h6 27. Be4 Bd7 28. Nd4 Qxa5 29. c4 Qa1+ 30. Kg2 Nb4 31. Bxb4 Bxb4 32. Bxb7 Qa5 33. Nb3 Qc7 34. Bxa6 Qc6+ 35. f3 Qxa6 36. Qd3 Ba4 37. Qd8+ Kh7 38. Nd2 Bxd2 39. Qxd2 Qxc4 40. Qf2 Qc2 0-1


[Site "https://www.chess.com"]

[Event "Titled Tuesday Blitz October 31 Late 2023"]
[White "HeroRubiksCube"]
[Black "Colivet Gamboa, Julio Cesar"]
[BlackFideId "3949583"]
[WhiteElo "2515"]
[BlackElo "2367"]
[Result "1/2-1/2"]
[Round "4"]
[TimeControl "180+1"]
[Date "2023.10.31"]
[WhiteClock "0:00:01"]
[BlackClock "0:00:01"]
[Board "105"]

1. d4 Nf6 2. Nf3 g6 3. g3 Bg7 4. Bg2 O-O 5. O-O c5 6. e3 Nc6 7. b3 d5 8. Bb2 Bf5 9. dxc5 Qa5 10. Nd4 Qxc5 11. Nxf5 gxf5 12. Nc3 Rfd8 13. Qd3 d4 14. exd4 Rxd4 15. Na4 Rxd3 16. Nxc5 Rd2 17. Nxb7 Rxc2 18. Bxf6 Bxf6 19. Rac1 Rxc1 20. Rxc1 Nd4 21. Rc7 Nb5 22. Rc5 Nd4 23. h4 Rb8 24. Kh2 f4 25. Be4 Bg7 26. gxf4 Ne6 27. Ra5 Nxf4 28. Rxa7 Bd4 29. Ra5 Bxf2 30. Rf5 Bd4 31. Rxf4 Be5 32. Kg3 f5 33. Bd5+ Kg7 34. Kf3 Bxf4 35. Kxf4 Kf6 36. a4 e5+ 37. Kf3 e4+ 38. Kf4 Rc8 39. Nd6 Rc3 40. Bxe4 Rxb3 41. Nxf5 Rb4 42. a5 Ra4 43. Ne3 Rxa5 44. Ng4+ Kg7 45. Bf5 Ra4+ 46. Kg5 Ra5 47. h5 Ra4 48. h6+ Kh8 49. Nf6 Ra5 50. Nh5 Rb5 51. Ng7 Re5 52. Kf6 Re1 53. Ne6 Rf1 54. Ng5 Rg1 55. Be6 Rxg5 56. Kxg5 1/2-1/2


[Site "https://www.chess.com"]

[Event "Titled Tuesday Blitz October 31 Late 2023"]
[White "Tikhonov, Viacheslav"]
[Black "Dmitrenko, Viktor"]
[WhiteFideId "44196407"]
[BlackFideId "14110270"]
[WhiteElo "2512"]
[BlackElo "2357"]
[Result "0-1"]
[Round "4"]
[TimeControl "180+1"]
[Date "2023.10.31"]
[WhiteClock "0:00:00"]
[BlackClock "0:00:10"]
[Board "106"]

1. e4 e6 2. d4 d5 3. Nc3 Bb4 4. Ne2 dxe4 5. a3 Bxc3+ 6. Nxc3 Nc6 7. d5 exd5 8. Qxd5 Be6 9. Qxe4 Nf6 10. Qh4 Qd4 11. Bg5 O-O-O 12. Bxf6 gxf6 13. Qxd4 Rxd4 14. Bb5 Ne5 15. Rd1 Rhd8 16. Rxd4 Rxd4 17. Ke2 c6 18. Bd3 Nxd3 19. cxd3 Bb3 20. Ke3 Rd7 21. Rc1 Kd8 22. Ne4 f5 23. Nc3 Ke7 24. Ne2 Kf6 25. Nd4 f4+ 26. Ke4 Bd5+ 27. Kxf4 Bxg2 28. Nb3 b6 29. Rc3 Bd5 30. Nd2 c5 31. Rc2 Be6 32. Ke3 Bf5 33. Ne4+ Ke5 34. f3 f6 35. Rg2 Bg6 36. Rd2 f5 37. Nc3 f4+ 38. Ke2 Kd4 39. Ne4 Re7 40. Rc2 Rg7 41. Rc4+ Kd5 42. Kf2 Bf5 43. Rc3 Bh3 44. Ke1 Rg1+ 45. Ke2 Rg2+ 46. Nf2 Rxh2 47. Rc4 Bf5 48. Rxf4 Bxd3+ 49. Ke3 Bg6 50. Rf6 Kc4 51. Rd6 Kb3 52. Rd2 c4 53. Re2 b5 54. Rd2 a5 55. Kf4 b4 56. axb4 axb4 57. Kg3 Rh5 58. f4 Rc5 59. Rd8 c3 60. bxc3 Rxc3+ 61. Kg4 Rc5 62. Nd1 Kc2 63. Ne3+ Kc1 64. Nd5 b3 65. Rb8 b2 66. Nb4 b1=Q 67. Nd3+ Qxd3 0-1


[Site "https://www.chess.com"]

[Event "Titled Tuesday Blitz October 31 Late 2023"]
[White "Bogaudinov, Rushan"]
[Black "Girsh, Daniel"]
[WhiteFideId "4129288"]
[BlackFideId "30949190"]
[WhiteElo "2354"]
[BlackElo "2511"]
[Result "1-0"]
[Round "4"]
[TimeControl "180+1"]
[Date "2023.10.31"]
[WhiteClock "0:00:09"]
[BlackClock "0:00:07"]
[Board "107"]

1. d4 Nf6 2. c4 e6 3. Nc3 d5 4. e3 Bb4 5. Nf3 O-O 6. Qb3 c5 7. Be2 Nc6 8. a3 Bxc3+ 9. bxc3 Qa5 10. O-O Ne4 11. Bb2 Rd8 12. Rfc1 h6 13. a4 Qc7 14. Qc2 Na5 15. Bd3 f5 16. Ne5 b6 17. cxd5 exd5 18. f3 c4 19. Bxe4 fxe4 20. Rf1 Bf5 21. g4 Bh7 22. f4 Nb3 23. Rae1 Rf8 24. Ba3 Rf6 25. Re2 Re8 26. Rg2 g5 27. fxg5 Rxf1+ 28. Kxf1 hxg5 29. Rf2 Rxe5 30. dxe5 Qxe5 31. Rf8+ Kg7 32. Qf2 Qe6 33. Ra8 Qd7 34. Qf8+ Kg6 35. Be7 Qe6 36. Rxa7 Qxg4 37. Qf6+ Kh5 38. Bd6 Qd1+ 39. Kg2 Qe2+ 40. Qf2 Qg4+ 41. Bg3 Bg6 42. h3 Qd1 43. Ra8 Qf3+ 44. Qxf3+ exf3+ 45. Kxf3 Nd2+ 46. Ke2 Ne4 47. Rh8+ Bh7 48. Rxh7+ Kg6 49. Rb7 Nxg3+ 50. Kd2 Kf5 51. Rxb6 Ne4+ 52. Kc2 Ke5 53. a5 Nc5 54. a6 Ke4 55. a7 d4 56. cxd4 1-0


[Site "https://www.chess.com"]

[Event "Titled Tuesday Blitz October 31 Late 2023"]
[White "Lopez Del Alamo, Antonio"]
[Black "Estrada Nieto, Julian"]
[WhiteFideId "2227339"]
[BlackFideId "5101018"]
[WhiteElo "2348"]
[BlackElo "2511"]
[Result "1/2-1/2"]
[Round "4"]
[TimeControl "180+1"]
[Date "2023.10.31"]
[WhiteClock "0:00:43"]
[BlackClock "0:00:15"]
[Board "108"]

1. e4 e5 2. Bc4 Nf6 3. d3 Bc5 4. Nc3 Nc6 5. f4 exf4 6. Nf3 d6 7. Bxf4 Nd4 8. Nxd4 Bxd4 9. h3 c6 10. Qe2 O-O 11. Bg5 d5 12. Bb3 h6 13. Bxf6 Qxf6 14. O-O-O Bxc3 15. bxc3 Qxc3 16. Kb1 d4 17. Rdf1 Be6 18. Qe1 Qxe1+ 19. Rxe1 Bxb3 20. axb3 Rfe8 21. Rhf1 Re5 22. Rf4 Rae8 23. Ref1 f6 24. g4 Kf7 25. Kb2 h5 26. R1f2 a6 27. Rf1 hxg4 28. hxg4 Rh8 29. R1f2 Rh4 30. Kc1 Kg6 31. Rg2 Kg5 32. Rf5+ Kg6 33. Kd2 Rxf5 34. gxf5+ Kf7 35. c3 dxc3+ 36. Kxc3 Rh1 37. Rg3 a5 38. Rg2 Rc1+ 39. Kb2 Re1 40. Kc3 b5 41. Ra2 b4+ 42. Kd4 Rb1 43. Rxa5 Rxb3 44. Ra7+ Kg8 45. Kc4 Rc3+ 46. Kd4 c5+ 47. Ke3 c4 48. Rd7 Rxd3+ 49. Rxd3 cxd3 50. Kxd3 g6 51. fxg6 Kg7 52. Kc4 Kxg6 53. Kxb4 Kg5 54. Kc4 Kf4 55. Kd4 Kf3 56. e5 fxe5+ 57. Kxe5 1/2-1/2


[Site "https://www.chess.com"]